AoeStats
← 体制少妇白洁

African Clearing

505903648Analyzed
4v4 RM · 21d ago on Sep 11, 2026· 27m 51s· 8 players
Game mode
Random Map
Map size
Large (8 player)
Population
200
Speed
Normal
Resources
Standard
Victory
Conquest
Starting age
Dark Age
Ending age
Imperial Age
RankedLock teamsTeams togetherTeam positionsShared explorationLock speedFull tech treeHidden civsTurbo modeCheats
Victory
Defeat
🇭🇰 Shu · Hong Kong SAR China
1500
+11
🇨🇳 Celts · China
1481
+12
🇨🇳 Tupi · China
1398
+15
🇩🇪 Spanish · Germany
1430
-16
🇪🇸 Cumans · Spain
1391
-15
🇦🇷 Burmese · Argentina
1356
-14
🇦🇷 Japanese · Argentina
1355
-14
Ervid
10:12 Loom
13:05 Feudal Age
15:43 Double-Bit Axe
15:40 Horse Collar
19:18 Gold Mining
23:17 Castle Age
22:42 Bloodlines
22:55 Scale Barding Armor
24:50 Forging
26:39 Heavy Plow
QHSZ
6:13 Loom
15:02 Feudal Age
21:44 Castle Age
Chris Becker
4:58 Loom
14:40 Feudal Age
15:38 Double-Bit Axe
19:42 Castle Age
17:48 Horse Collar
21:44 Bow Saw
24:39 Padded Archer Armor
28:19 Wheelbarrow
MATE
8:13 Loom
13:33 Feudal Age
13:49 Man-at-Arms
夫国之有民,犹水之有舟,停则以安,扰则以危
14:14 Feudal Age
13:01 Loom
17:44 Castle Age
16:08 Double-Bit Axe
16:37 Fishing Lines
19:11 Bow Saw
20:56 Wheelbarrow
21:03 Horse Collar
22:34 Coinage
26:10 Gold Mining
26:24 Gillnets
28:40 Gold Shaft Mining
YiTiaoQu
10:00 Loom
12:19 Feudal Age
12:23 Man-at-Arms
18:30 Fletching
22:41 Castle Age
cookie tin
12:48 Feudal Age
13:10 Loom
14:08 Double-Bit Axe
17:06 Castle Age
15:39 Stone Mining
15:50 Fletching
18:13 Bow Saw
20:43 Gold Mining
21:45 Bodkin Arrow
22:34 Padded Archer Armor
24:00 Ballistics
25:16 Wheelbarrow
27:24 Town Watch
体制少妇白洁
10:58 Loom
13:03 Feudal Age
13:26 Man-at-Arms
15:02 Double-Bit Axe
19:34 Castle Age
18:21 Fletching
18:23 Gold Mining
19:38 Crossbowman
20:14 Bodkin Arrow
20:33 Bodkin Arrow
25:12 Ballistics
25:21 Thumb Ring
25:41 Thumb Ring
28:07 Padded Archer Armor
Connection lost

Rejoining the realm…

Still unreachable

The connection could not be restored.

Session expired

The server has moved on; the page needs a fresh start.